[Event "Late-Titled-Tuesday-Blitz-January-23-2024"]
[Site "Chess.com"]
[Date "2024.01.23"]
[Round "7"]
[White "NovakRatko"]
[Black "Fh2411"]
[Result "1-0"]
[WhiteElo "2362"]
[BlackElo "2567"]
[TimeControl "180+1"]
[EndTime "15:16:13 PST"]
[Termination "NovakRatko won on time"]

1. d4 d5 2. c4 c6 3. cxd5 cxd5 4. Nc3 Nf6 5. f3 Nc6 6. e4 e6 7. e5 Nd7 8. f4 g6 9. Nf3 a6 10. h4 h5 11. Bd3 b5 12. a3 Nb6 13. Qc2 Ne7 14.
Ng5 Bd7 15. O-O Bh6 16. f5 gxf5 17. g3 Rc8 18. Kh2 Nc4 19. Bf4 Qb6 20. Qf2 Na5 21.
Be2 Bg7 22. Rfd1 Nb3 23. Rab1 a5 24. Bf3 b4 25. axb4 axb4 26. Ne2 Ba4 27. Qe3 Rc2 28. Kh3 Qc6 29. Nc1 Na5 30. Nd3 Qb6 31. Rdc1 b3 32. Nc5 Qb5 33. Ra1 Nc4 34. Qd3 Rxc1 35. Rxc1 Nxb2 36. Qc3 Nc4 37. Rb1 O-O 38. Nxa4 Qxa4 39. Qxb3 Qxb3 40. Rxb3 Nc6 41. Rd3 Rb8 42. Bxh5 Nd8 43.
Rd1 Bf8 44. Ra1 Be7 45. Ra7 Kf8 46. Nh7+ Ke8 47. Bg5 Nc6 48. Rc7 N4a5 49. Bxe7 Nxe7 50. Nf6+ Kf8 51. Nd7+ Kg7 52. Nxb8 Ng6 53. Bxg6 Kxg6 54. Nc6 Nb3 55. Nd8 Nxd4 56. Nxf7 Nf3 57. Nd6 Nxe5 58. h5+ Kxh5 59. Re7 d4 60. Rxe6 Ng4 61. Nxf5 d3 62.
Rd6 Kg5 63. Rd5 d2 64. Ne3+ 1-0

[Event "Late-Titled-Tuesday-Blitz-January-23-2024"]
[Site "Chess.com"]
[Date "2024.01.23"]
[Round "7"]
[White "Njal28"]
[Black "FabianoCaruana"]
[Result "1/2-1/2"]
[WhiteElo "3063"]
[BlackElo "3058"]
[TimeControl "180+1"]
[EndTime "15:16:14 PST"]
[Termination "Game drawn - insufficient material"]

1. d4 Nf6 2. c4 e6 3. Nc3 Bb4 4. e3 O-O 5. a3 Bxc3+ 6. bxc3 d6 7. Ne2 c5 8. Ng3 Nc6 9. Ra2 Qa5 10. Rd2 Qxc3 11.
Bb2 Qa5 12. Bd3 cxd4 13. exd4 e5 14. d5 Ne7 15. O-O Ng6 16. f4 exf4 17. Bxg6 fxg6 18.
Rxf4 Bd7 19. h3 Rae8 20. Re2 b5 21. Bxf6 gxf6 22. Rxe8 Bxe8 23. Qd4 f5 24. c5 dxc5 25. Qxc5 Bf7 26. d6 Qb6 27. Qxb6 axb6 28. Rd4 Bc4 29. a4 Rd8 30. axb5 Bxb5 31. Rb4 Bc6 32. Rxb6 Rxd6 33. Ne2 Rd1+ 34. Kf2 Be4 35. Rb2 Rd7 36. Nc3 Bb7 37. Na4 Bc6 38. Nc5 Ra7 39. Rc2 Kf7 40. Nb3 Be4 41. Rd2 Rc7 42. Nd4 Kf6 43.
Ne2 g5 44. Ng3 Bb7 45. Nh5+ Kg6 46. g4 fxg4 47. hxg4 Bc8 48. Rd6+ Kf7 49. Rf6+ Kg8 50. Rh6 Bxg4 51. Nf6+ Kg7 52. Rxh7+ Kxf6 53. Rxc7 Be6 54. Kg3 Bf5 55. Rc5 Kg6 56. Kf3 Kf6 57. Ke3 Kg6 58. Kd4 Bg4 59. Ke5 Bf3 60. Ra5 g4 61.
Kf4 Kf6 62. Ra6+ Ke7 63. Rb6 Kd7 64. Rg6 Kc7 65. Ke5 Kb7 66. Kd4 Ka7 67. Kc5 Kb7 68.
Rg7+ Kc8 69. Kd6 Kb8 70. Ke6 Kc8 71. Ke5 Kb8 72. Kd4 Kc8 73. Kc5 Kb8 74. Kb6 Kc8 75. Kb5 Kb8 76. Kc5 Kc8 77. Kd4 Kb8 78. Rg6 Kc8 79.
Ke5 Kc7 80. Kf4 Kd7 81. Rxg4 Bxg4 1/2-1/2

[Event "Late-Titled-Tuesday-Blitz-January-23-2024"]
[Site "Chess.com"]
[Date "2024.01.23"]
[Round "7"]
[White "Jospem"]
[Black "GMBenjaminBok"]
[Result "1-0"]
[WhiteElo "3090"]
[BlackElo "2882"]
[TimeControl "180+1"]
[EndTime "15:16:25 PST"]
[Termination "Jospem won by resignation"]

1. e4 e5 2. Nf3 Nc6 3. Bb5 Nf6 4. d3 Bc5 5. Ba4 O-O 6. Bg5 h6 7. Bh4 Be7 8. Nbd2 d6 9. c3 Nh5 10. Bg3 g6 11. O-O Bd7 12. h3 Bg5 13. Nxg5 hxg5 14. d4 exd4 15. Bxc6 Bxc6 16. cxd4 Qf6 17. d5 Bb5 18.
Re1 Nxg3 19. fxg3 Qxb2 20. Nf3 Qf6 21. Qd2 c5 22. e5 dxe5 23. Nxg5 e4 24. Nxe4 Qd4+ 25.
Qf2 Rad8 26. Rad1 Qxf2+ 27. Kxf2 b6 28. g4 f5 29. gxf5 Rxf5+ 30. Kg1 Bc4 31. Nc3 b5 32. Re6 Kg7 33. Rc6 Bxd5 34. Rc7+ Kh6 35. Nxb5 Rb8 36. Nc3 Ba8 37. Rd2 Re5 38. Kh2 Re3 39.
Rxc5 Rb6 40. Ne2 Rbe6 41. Nf4 Rf6 42. Nd5 Bxd5 43. Rcxd5 Ra3 44. Rd8 Rfa6 45. R2d7 Rxa2 46. h4 Kh5 47. Rd4 g5 48. R4d5 R6a5 49. Rh8+ Kg4 50. Rd4+ Kf5 51. Rf8+ Kg6 52. Rg8+ Kf7 53. Rxg5 Rxg5 54.
hxg5 Kg6 55. Rd5 Ra3 56. g3 a5 57. Kh3 Ra4 58. Rb5 Kh5 59. g4+ Kg6 60. Kh4 Ra1 61. Rb6+ Kg7 62. g6 Kh6 63. Ra6 Rh1+ 64. Kg3 Rb1 65. Kf4 Rb4+ 66. Kf5 Rb5+ 67. Kf6 Rb1 68. g5+ Kh5 69. Kg7 Rb7+ 70. Kf6 a4 71. g7 Rb8 72. Ra7 a3 73. Kf7 a2 74. g8=Q Rxg8 75. Kxg8 Kxg5 76.
Rxa2 1-0

[Event "Late-Titled-Tuesday-Blitz-January-23-2024"]
[Site "Chess.com"]
[Date "2024.01.23"]
[Round "7"]
[White "Brown_Mamba24"]
[Black "Byniolus"]
[Result "1/2-1/2"]
[WhiteElo "2652"]
[BlackElo "2848"]
[TimeControl "180+1"]
[EndTime "15:16:36 PST"]
[Termination "Game drawn - insufficient material"]

1. d4 d6 2. c4 e5 3. Nc3 exd4 4. Qxd4 Nc6 5. Qd3 Nf6 6. Nf3 Nb4 7. Qd1 Be7 8. e4 O-O 9. a3 Nc6 10. Bd3 Bg4 11.
h3 Bh5 12. O-O Ne5 13. Be2 Bxf3 14. Bxf3 Nxc4 15. e5 dxe5 16. Qe2 Nd6 17. Qxe5 Re8 18. Rd1 Qc8 19. Bf4 Bf8 20. Qd4 Qf5 21. Re1 c5 22. Qa4 b5 23. g4 bxa4 24. gxf5 Rac8 25. Nxa4 Nxf5 26. Bb7 Rcd8 27. Bc6 Rxe1+ 28. Rxe1 Nd4 29. Bg2 Re8 30. Rxe8 Nxe8 31. Bb8 a6 32. Ba7 Ne6 33. Bf1 N8c7 34. Bb8 Bd6 35. Bxa6 Nxa6 36. Bxd6 f5 37. b4 cxb4 38. axb4 Nac7 39. Nc3 Ne8 40. Be5 Kf7 41.
b5 Nc5 42. b6 Ke6 43. Bd4 Nb7 44. Kg2 g5 45. Kf3 Ned6 46. Ne2 Ne4 47. Ke3 Kd5 48. f3 f4+ 49. Kd3 Nec5+ 50. Bxc5 Kxc5 51. Kc3 Kxb6 52. Kd4 Kc6 53. Ke5 Nc5 54. Kf5 h6 55. Kg6 Nd3 56. Kxh6 Ne5 57. Kxg5 Nxf3+ 58. Kxf4 Nh4 59. Kg5 Nf3+ 60. Kg4 Ne5+ 61. Kf5 Kd6 62. Nf4 Nf3 63. Kg4 Ne5+ 64. Kg5 Ke7 65. h4 Kf7 66. Kf5 Nf3 67. h5 Kg7 68. Kg4 Ne5+ 69. Kg5 Kh7 70. Ne6 Nf7+ 71. Kg4 Ne5+ 72. Kh4 Nf3+ 73. Kg3 Ne5 74.
Kf4 Nd7 75. Kg5 Ne5 76. Nf8+ Kg7 77. Ne6+ Kh7 78. Nd4 Nf7+ 79. Kf6 Kh6 80. Nf5+ Kxh5 1/2-1/2

[Event "Late-Titled-Tuesday-Blitz-January-23-2024"]
[Site "Chess.com"]
[Date "2024.01.23"]
[Round "7"]
[White "Actuary44"]
[Black "jamengrand"]
[Result "1-0"]
[WhiteElo "2483"]
[BlackElo "2268"]
[TimeControl "180+1"]
[EndTime "15:16:41 PST"]
[Termination "Actuary44 won by resignation"]

1. e4 e5 2. Nf3 Nc6 3. Bb5 a6 4. Ba4 Nf6 5. d3 b5 6. Bb3 Bc5 7.
O-O d6 8. h3 h6 9. Nc3 Ne7 10. Ne2 Ng6 11. Ng3 Ba7 12. a4 b4 13.
d4 Bb7 14. Re1 O-O 15. d5 c6 16. Nf5 cxd5 17. Bxd5 Nxd5 18. exd5 Qf6 19. Qd3 e4 20.
Qxe4 Rae8 21. Qg4 Rxe1+ 22. Nxe1 Bc8 23. Nxh6+ gxh6 24. Qg3 Kh7 25. Nd3 Rg8 26. Qh2 Nh4 27. Kf1 Rxg2 28. Qf4 Qxf4 29. Bxf4 Bxh3 30. Ke2 Bg4+ 31.
Kf1 Bf5 32. Bg3 Bh3 33. Ke2 Nf5 34. Bf4 Nd4+ 35. Kd2 Nf5 36. Rh1 Bg4 37. Ke1 Bf3 38.
Rh3 Bxd5 39. Nxb4 Be6 40. Nxa6 Rg1+ 41. Kd2 Bxf2 42. Nc7 Be1+ 43. Kd3 Bd7 44. a5 d5 45.
Nxd5 Rg2 46. Nf6+ Kg6 47. Nxd7 Bxa5 48. Ne5+ Kf6 49. Ke4 Re2+ 50. Kd3 Re1 51. Ng4+ Ke6 52.
Nxh6 Nd6 53. Bxd6 Kxd6 54. Nxf7+ Kc5 55. Ng5 Re5 56. Ne4+ Kd5 57. Re3 Bb6 58. Nc3+ Ke6 59. Rxe5+ Kxe5 60. Kc4 Kd6 61. Nb5+ Kd7 62. Nd4 Kc7 63.
Kd5 Ba5 64. c3 Bb6 65. b4 Ba7 66. c4 Bb8 67. c5 Kb7 68. b5 Bc7 69. Ne6 Ba5 70. Nf4 Bb4 71. Nd3 Ba3 72. Kc4 Kc7 73. Nb4 Bc1 74. Nd5+ Kb7 75. c6+ Kb8 76. b6 Bf4 77.
Nxf4 Kc8 78. Nd5 Kb8 79. Kb5 Kc8 80. Nb4 Kb8 81. Ka6 Ka8 82. b7+ Kb8 83. c7+ Kxc7 84. Ka7 Kd6 85. b8=Q+ Kc5 86. Qb6+ 1-0

[Event "Late-Titled-Tuesday-Blitz-January-23-2024"]
[Site "Chess.com"]
[Date "2024.01.23"]
[Round "7"]
[White "Arteler"]
[Black "Teidi96"]
[Result "0-1"]
[WhiteElo "2512"]
[BlackElo "2428"]
[TimeControl "180+1"]
[EndTime "15:16:56 PST"]
[Termination "Teidi96 won on time"]

1. e4 Nf6 2. e5 Nd5 3. d4 d6 4. c4 Nb6 5. exd6 exd6 6. Nc3 Be7 7.
b3 Bf6 8. Be2 O-O 9. Be3 Bf5 10.
Rc1 Nc6 11. d5 Ne5 12. f4 Ng6 13. Nf3 Re8 14. Qd2 Qe7 15. Bd4 Bxd4 16. Nxd4 Bg4 17. O-O Bxe2 18. Ncxe2 Qe3+ 19. Qxe3 Rxe3 20. Kf2 Rae8 21.
Rfe1 a6 22. g3 Nd7 23. Nc3 Rxe1 24. Rxe1 Rxe1 25. Kxe1 h5 26. Ne4 h4 27. Ke2 Kf8 28.
Kf3 hxg3 29. hxg3 Ne7 30. g4 b6 31. Ke3 Ke8 32. Nf3 Ng8 33. g5 Ne7 34. Nd4 Kd8 35. f5 Ne5 36. Ng3 g6 37. f6 Nc8 38. Nge2 Kd7 39. Nf4 Na7 40. Nd3 Nxd3 41. Kxd3 c6 42. Ke4 c5 43. Ne2 b5 44. Nf4 bxc4 45. bxc4 Nc8 46.
Kd3 Nb6 47. Kc3 a5 48. Kb3 Kd8 49. Ng2 Kd7 50. Nh4 Ke8 51. Nf3 Kf8 52. Nd2 Ke8 53.
Ne4 Kd7 54. Nc3 Kc7 55. Nb5+ Kd7 56. Nc3 Kc7 57. Nd1 Nd7 58. Nb2 Ne5 59. Ka4 Kb6 60. Kb3 Nf3 61. Nd3 Nxg5 62. Nf4 Ne4 63. Nxg6 Nxf6 64.
Nh8 Ne4 65. Nxf7 Nd2+ 66. Kc3 Ne4+ 67. Kd3 Nf6 68. Nxd6 a4 69. Ne4 Nd7 70. Kc3 Ka5 71. a3 Kb6 72. Nf2 Ne5 73. Nd3 Nd7 74. Nb2 Ka5 75.
Kc2 Nf6 76. Nd3 Nd7 77. Ne5 Nxe5 78. Kc3 Nd7 79. Kd3 Kb6 80. Ke4 Kc7 81. Kf5 Kd6 82.
Kg6 Ne5+ 83. Kf6 Nxc4 0-1

[Event "Late-Titled-Tuesday-Blitz-January-23-2024"]
[Site "Chess.com"]
[Date "2024.01.23"]
[Round "7"]
[White "Bkmzzzzz"]
[Black "Nouali_Mohamed"]
[Result "0-1"]
[WhiteElo "2419"]
[BlackElo "2551"]
[TimeControl "180+1"]
[EndTime "15:17:01 PST"]
[Termination "Nouali_Mohamed won by checkmate"]

1. e4 c5 2. Nf3 Nc6 3. Bb5 Qc7 4. Nc3 e6 5. O-O a6 6. Bxc6 Qxc6 7. d4 cxd4 8. Nxd4 Qc7 9. Re1 h5 10. e5 b5 11. Bf4 Bb7 12. Ne4 h4 13. h3 Nh6 14. a4 b4 15. Qd2 Bxe4 16. Rxe4 Bc5 17. Nb3 Be7 18. a5 Nf5 19. Be3 Rc8 20. Rc1 O-O 21. Bb6 Qc6 22. Rg4 d6 23. exd6 Qxd6 24.
Qe2 Bf6 25. Rd1 Qc6 26. Rxb4 Qxc2 27. Rd2 Qb1+ 28. Kh2 Bg5 29. Rd1 Qc2 30. Nd4 Nxd4 31. Qxc2 Nxc2 32. Rb3 Rc6 33. Rd7 Bf4+ 34. g3 hxg3+ 35.
fxg3 Be5 36. Ra7 Nd4 37. Re3 Rc2+ 38. Kg1 Bf6 39. Rxa6 Nf5 40. Rf3 Rfc8 41. g4 Nh4 42.
Rf2 Rxb2 43. Rxb2 Bxb2 44. Bf2 Nf3+ 45. Kg2 Ne5 46. Rb6 Nd3 47. a6 Nxf2 48. Rxb2 Nd3 49.
Rb7 Nc5 50. Rb6 Ra8 51. Rc6 Nxa6 52. Kg3 g6 53. Kh4 Nb4 54. Rb6 Nd5 55. Rb5 Kg7 56. Rb7 Ra3 57. Kg5 Rxh3 58. Rxf7+ Kg8 59. Kxg6 Rh4 60.
Rg7+ Kf8 61. Rf7+ Ke8 62. Ra7 Rxg4+ 63. Kh5 Rg1 64. Kh4 Rg8 65. Kh5 Rg1 66. Kh4 Ne7 67. Kh3 Kf7 68. Kh2 Rg6 69. Kh3 Kf6 70. Kh4 Nf5+ 71.
Kh3 e5 72. Ra6+ Kg5 73. Ra5 Kf4 74. Ra4+ e4 75. Kh2 Rh6+ 76. Kg2 Ne3+ 77. Kf2 Ng4+ 78. Kg1 Rh2 79. Rb4 Ra2 80. Kh1 Kg3 81. Rb3+ e3 82. Rb1 Nf2+ 83. Kg1 Nh3+ 84. Kh1 Rh2# 0-1

[Event "Late-Titled-Tuesday-Blitz-January-23-2024"]
[Site "Chess.com"]
[Date "2024.01.23"]
[Round "7"]
[White "Angry_Twin"]
[Black "greekplayer1"]
[Result "0-1"]
[WhiteElo "2969"]
[BlackElo "2727"]
[TimeControl "180+1"]
[EndTime "15:17:35 PST"]
[Termination "greekplayer1 won on time"]

1. e4 c5 2. Nf3 d6 3. d4 cxd4 4.
Nxd4 Nf6 5. Nc3 a6 6. Be3 e5 7.
Nb3 Be6 8. f3 h5 9. Qd2 Nbd7 10.
Nd5 Bxd5 11. exd5 g6 12. Be2 Rc8 13. O-O Nb6 14. c4 Nxc4 15. Bxc4 Rxc4 16. Na5 Rc7 17. Bb6 Bh6 18. Qd3 O-O 19. Nxb7 Qb8 20. Bxc7 Qxc7 21. Qxa6 Nxd5 22. Qb5 Nf4 23. Rac1 Qe7 24.
Na5 h4 25. Rc2 d5 26. Nc6 Qg5 27. Re1 Re8 28. Nxe5 Re7 29. Qb4 Kg7 30. Ng4 Rxe1+ 31.
Qxe1 Qd8 32. Qe5+ Kh7 33. Nf6+ Kh8 34. Nxd5+ Kh7 35. Nf6+ Kh8 36. Ne8+ Kh7 37. Nd6 Qb6+ 38. Qc5 Qa6 39. Ne4 Qd3 40. Qf2 Nh3+ 41. gxh3 Be3 42.
Kg2 Bxf2 43. Rxf2 f5 44. Nd2 g5 45. Nb3 Qd5 46. Kg1 Kg6 47. Nc1 Qd1+ 48. Rf1 Qd4+ 49. Rf2 Kh5 50. Nb3 Qd5 51. Nd2 Qxa2 52. Nf1 Qd5 53. Kg2 g4 54. hxg4+ fxg4 55. Kg1 gxf3 56.
Ne3 Qe4 57. Nf1 Qg4+ 58. Kh1 Qe4 59. Kg1 Kg4 60. Kh1 Qe1 61. Kg1 Qe4 62. Nd2 Qe1+ 63.
Nf1 Kf4 64. h3 Ke4 65. Rd2 Kf4 66. Rf2 Ke4 67. Rc2 Kf4 68. Rc4+ Kf5 69. Rc2 Qe4 70. Rf2 Qf4 71. Nd2 Qg3+ 72. Kf1 Qxh3+ 73. Ke1 Qh1+ 74. Rf1 Qg2 75. Nxf3 Kg4 76. Rf2 Qg3 77. Ke2 h3 78. Nh2+ Kh5 79. Nf3 Qf4 80. Nd2 Qe5+ 81. Kf1 Kg4 82. Nf3 Qg3 83. Nh2+ Kh5 84. Nf3 Qg4 85. Ke2 Qe4+ 86. Kd2 Qb7 87. Kd3 Qb6 88. Re2 Kg4 89. Ne5+ Kg3 90. Re3+ Qxe3+ 91. Kxe3 h2 92. Nd3 h1=Q 93.
Kd2 Qd5 94. Kc3 Kf3 95. Nb4 Qe5+ 96. Kc4 Ke3 97. b3 Ke4 98. Nc2 Qc7+ 99. Kb4 Qxc2 100. Ka3 Kd4 101. Kb4 Qc5+ 102. Ka4 Kc3 0-1

[Event "Late-Titled-Tuesday-Blitz-January-23-2024"]
[Site "Chess.com"]
[Date "2024.01.23"]
[Round "8"]
[White "PapaieDudu"]
[Black "dosto07"]
[Result "0-1"]
[WhiteElo "2410"]
[BlackElo "2533"]
[TimeControl "180+1"]
[EndTime "15:19:45 PST"]
[Termination "dosto07 won by resignation"]

1. e4 e5 2. Nf3 Nc6 3. Bb5 a6 4.
Ba4 Nf6 5. d3 d6 6. O-O g6 7. h3 Bg7 8. Be3 O-O 9. c3 Bd7 10.
Qd2 Qe8 11. Bh6 Nh5 12. Bxg7 Kxg7 13. Bc2 h6 14. Na3 f5 15. Nc4 fxe4 16. dxe4 Rxf3 17. gxf3 Bxh3 18. Rfe1 Nf4 19. Ne3 Qe7 20. Nf1 Bxf1 21. Kxf1 Qh4 0-1

[Event "Late-Titled-Tuesday-Blitz-January-23-2024"]
[Site "Chess.com"]
[Date "2024.01.23"]
[Round "8"]
[White "vugarrasulov"]
[Black "Jospem"]
[Result "1/2-1/2"]
[WhiteElo "2943"]
[BlackElo "3087"]
[TimeControl "180+1"]
[EndTime "15:20:16 PST"]
[Termination "Game drawn by repetition"]

1. e4 c5 2. Nf3 d6 3. d4 cxd4 4. Nxd4 Nf6 5. Nc3 Nc6 6. Bc4 Qb6 7. Be3 Qa5 8. O-O Bd7 9. Nd5 e6 10. Nxf6+ gxf6 11. Nb5 Ne5 12. Bd2 Qb6 13. Be3 Qa5 14. Bd2 Qb6 15. Be3 Qa5 1/2-1/2

[Event "Late-Titled-Tuesday-Blitz-January-23-2024"]
[Site "Chess.com"]
[Date "2024.01.23"]
[Round "8"]
[White "OPQRC"]
[Black "Bkmzzzzz"]
[Result "1-0"]
[WhiteElo "2540"]
[BlackElo "2414"]
[TimeControl "180+1"]
[EndTime "15:20:18 PST"]
[Termination "OPQRC won by resignation"]

1. e4 d6 2. g3 Nf6 3. Bg2 e5 4.
d3 Be7 5. Ne2 O-O 6. O-O c6 7.
Nbc3 d5 8. d4 exd4 9. Nxd4 dxe4 10. Nxe4 Nxe4 11. Bxe4 Bf6 12. c3 Bh3 13. Qh5 g6 14. Qxh3 Bxd4 15. cxd4 Qxd4 16. Re1 Nd7 17. Bh6 Rfe8 18. Rad1 Qb4 19. Qxd7 1-0

[Event "Late-Titled-Tuesday-Blitz-January-23-2024"]
[Site "Chess.com"]
[Date "2024.01.23"]
[Round "8"]
[White "Kaslask"]
[Black "Horokoskii"]
[Result "1-0"]
[WhiteElo "2292"]
[BlackElo "2083"]
[TimeControl "180+1"]
[EndTime "15:20:23 PST"]
[Termination "Kaslask won by resignation"]

1. d4 Nf6 2. c4 c5 3. Nf3 cxd4 4. Nxd4 e6 5. g3 Nc6 6. Bg2 Bc5 7. Nb3 Bb6 8. O-O h6 9. c5 Bc7 10. Nc3 O-O 11. Nb5 b6 12. Nxc7 Qxc7 13. Bf4 e5 14.
Be3 bxc5 15. Bxc5 Re8 16. Bd6 Qb6 17. Rc1 Bb7 18. Bc5 Qc7 19. Qd6 Qxd6 20. Bxd6 Re6 21. Ba3 d5 22. Nc5 Re7 23. Nxb7 Rxb7 24. Rxc6 1-0

[Event "Late-Titled-Tuesday-Blitz-January-23-2024"]
[Site "Chess.com"]
[Date "2024.01.23"]
[Round "8"]
[White "xakevicius91"]
[Black "Harry_Rakkel"]
[Result "0-1"]
[WhiteElo "2567"]
[BlackElo "2709"]
[TimeControl "180+1"]
[EndTime "15:20:53 PST"]
[Termination "Harry_Rakkel won by resignation"]

1. e4 c6 2. d4 d5 3. e5 Bf5 4.
Nd2 e6 5. Nb3 a5 6. a4 Ne7 7.
Nf3 Nc8 8. Be2 Be7 9. O-O Nd7 10. Ne1 Ncb6 11. Bd3 Bg6 12. Bxg6 hxg6 13. Nd3 Qc7 14.
Bd2 Nc4 15. Bc3 b5 16. Qe1 b4 17. Bd2 O-O 18. Be3 c5 19. f4 Nxe3 20. Qxe3 c4 21. Qh3 cxd3 22. cxd3 Qc2 0-1

[Event "Late-Titled-Tuesday-Blitz-January-23-2024"]
[Site "Chess.com"]
[Date "2024.01.23"]
[Round "8"]
[White "Viktor_Poddubnyi"]
[Black "The_Straightforward_Rook"]
[Result "1-0"]
[WhiteElo "2283"]
[BlackElo "2455"]
[TimeControl "180+1"]
[EndTime "15:21:15 PST"]
[Termination "Viktor_Poddubnyi won by resignation"]

1. e4 c6 2. d4 d5 3. exd5 cxd5 4.
c4 Nf6 5. Nc3 Nc6 6. Bg5 Be6 7.
a3 g6 8. Bxf6 exf6 9. cxd5 Bxd5 10. Qe2+ Be7 11. Qb5 O-O 12. Qxd5 Nxd4 13. Qxd8 Rfxd8 14.
Bd3 Rac8 15. Nge2 Nc6 16. O-O-O Ne5 17. Be4 b5 18. Rxd8+ Bxd8 19. Rd1 Be7 20. Kb1 b4 21. Nd5 Kf8 22. Nxe7 Kxe7 23. axb4 1-0

[Event "Late-Titled-Tuesday-Blitz-January-23-2024"]
[Site "Chess.com"]
[Date "2024.01.23"]
[Round "8"]
[White "Sjakkerntobi"]
[Black "youngdinousaur"]
[Result "1-0"]
[WhiteElo "2515"]
[BlackElo "2335"]
[TimeControl "180+1"]
[EndTime "15:21:36 PST"]
[Termination "Sjakkerntobi won by resignation"]

1. e4 c5 2. Nf3 e6 3. d4 cxd4 4. Nxd4 Nf6 5. Nc3 Nc6 6. Ndb5 d6 7. Bf4 e5 8. Bg5 a6 9. Na3 b5 10. Bxf6 gxf6 11. Nd5 f5 12. Bd3 Be6 13. c3 Ra7 14.
Nc2 Bg7 15. Nce3 f4 16. Nf5 Bxf5 17. exf5 Qg5 18. Qf3 Ne7 19. h4 Qh6 20. Nxe7 Kxe7 21. O-O-O Rd7 22. Be4 Qf6 23. Kb1 Rb8 24. g4 Bf8 25. g5 Qh8 26. f6+ Kd8 27. Bf5 Rc7 28. Rhe1 Ke8 29. Qxf4 h6 30. Rxe5+ dxe5 31. Qxe5+ Be7 32.
Qxc7 1-0

[Event "Late-Titled-Tuesday-Blitz-January-23-2024"]
[Site "Chess.com"]
[Date "2024.01.23"]
[Round "8"]
[White "traviscottofficial"]
[Black "BeanScreen"]
[Result "0-1"]
[WhiteElo "2533"]
[BlackElo "2728"]
[TimeControl "180+1"]
[EndTime "15:21:53 PST"]
[Termination "BeanScreen won by resignation"]

1. e4 e5 2. Nf3 Nc6 3. d4 exd4 4. Nxd4 Bc5 5. Nxc6 Qf6 6. Qf3 bxc6 7. Nd2 d6 8.
Nb3 Qxf3 9. gxf3 Bb6 10. a4 a5 11. Be3 Bxe3 12. fxe3 Ne7 13. O-O-O O-O 14. f4 c5 15.
e5 dxe5 16. fxe5 Ng6 17. Bg2 Rb8 18. Nxa5 Nxe5 19. Rd5 Ng4 20. Nc6 Ra8 21. Ne7+ Kh8 22. Nxc8 Nxe3 23. Rxc5 Nxg2 24. Ne7 Rxa4 25. Rd1 Ra1+ 26.
Kd2 Rd8+ 27. Rd5 Rxd1+ 0-1

[Event "Late-Titled-Tuesday-Blitz-January-23-2024"]
[Site "Chess.com"]
[Date "2024.01.23"]
[Round "8"]
[White "ritanovikova"]
[Black "ITheOnlyME"]
[Result "0-1"]
[WhiteElo "2189"]
[BlackElo "2389"]
[TimeControl "180+1"]
[EndTime "15:22:09 PST"]
[Termination "ITheOnlyME won by resignation"]

1. e4 c5 2. Nc3 a6 3. d3 b5 4. g3 Bb7 5. Bg2 e6 6. Be3 Nf6 7. Nge2 d5 8. exd5 Nxd5 9. Nxd5 Bxd5 10. f3 Be7 11. Nf4 Bc6 12. O-O O-O 13. Qd2 Nd7 14.
c3 Nb6 15. b3 e5 16. Nh3 Ra7 17. Rad1 Rd7 18. Qe2 Nd5 19. Bd2 Bf6 20. Nf2 g6 21.
Ne4 Be7 22. Be1 f5 23. Nf2 Bg5 24. h4 Bh6 25. Kh2 Ne3 26. Bd2 Nxf1+ 27. Rxf1 Bxd2 28. Qxd2 c4 29. Qe2 cxd3 30. Nxd3 Rxd3 31. Qxe5 Qf6 32.
Qxf6 Rxf6 33. Rc1 Bxf3 0-1

[Event "Late-Titled-Tuesday-Blitz-January-23-2024"]
[Site "Chess.com"]
[Date "2024.01.23"]
[Round "8"]
[White "rikchessmx"]
[Black "nindjaxx8"]
[Result "0-1"]
[WhiteElo "2409"]
[BlackElo "2621"]
[TimeControl "180+1"]
[EndTime "15:22:11 PST"]
[Termination "nindjaxx8 won by resignation"]

1. e4 e6 2. d4 d5 3. Nc3 Bb4 4.
e5 c5 5. a3 Bxc3+ 6. bxc3 Ne7 7.
Qg4 Qc7 8. Qxg7 Rg8 9. Qxh7 cxd4 10. Ne2 Nbc6 11. f4 dxc3 12. Qd3 d4 13. Nxd4 Nxd4 14. Qxd4 Bd7 15. Be3 Nf5 16. Qc5 Qxc5 17. Bxc5 Bc6 18. Kf2 Rd8 19. Bd6 Nxd6 20. exd6 Rxd6 21. Ke3 Rd2 22. Bd3 Rgxg2 23. Kd4 Rxh2 24. Rxh2 Rxh2 25. Kxc3 Rf2 26. f5 exf5 27. Kd4 f4 28. Re1+ Kf8 29. c4 Ra2 30. Rf1 f3 31. Be4 Bxe4 32. Kxe4 Rxa3 33. Kd5 Kg7 34. Kd6 Kf6 35. Kc7 b6 36. Kb7 Kf5 0-1

[Event "Late-Titled-Tuesday-Blitz-January-23-2024"]
[Site "Chess.com"]
[Date "2024.01.23"]
[Round "8"]
[White "jjbolanos"]
[Black "Atousa"]
[Result "0-1"]
[WhiteElo "2171"]
[BlackElo "2466"]
[TimeControl "180+1"]
[EndTime "15:22:24 PST"]
[Termination "Atousa won by resignation"]

1. e4 c5 2. c3 Nf6 3. e5 Nd5 4. d4 cxd4 5. cxd4 e6 6. Nf3 d6 7. Bc4 Nc6 8. O-O Be7 9. Qe2 O-O 10. Rd1 Bd7 11. Nc3 Nxc3 12. bxc3 Qa5 13. Bd3 dxe5 14. dxe5 Rfd8 15. Qe4 g6 16. Bh6 Be8 17. h4 Qxc3 18. h5 Nd4 19. Ng5 Nf5 20. Rac1 Qa3 21. hxg6 hxg6 22. Qh4 Nxh4 0-1

[Event "Late-Titled-Tuesday-Blitz-January-23-2024"]
[Site "Chess.com"]
[Date "2024.01.23"]
[Round "8"]
[White "gxbg2000"]
[Black "UnTucopalaTimba"]
[Result "1-0"]
[WhiteElo "2133"]
[BlackElo "1930"]
[TimeControl "180+1"]
[EndTime "15:22:47 PST"]
[Termination "gxbg2000 won by resignation"]

1. e4 c6 2. Nf3 d5 3. exd5 cxd5 4. d4 Bg4 5. h3 Bh5 6. Be2 Nc6 7. O-O Nf6 8. c3 e6 9. Re1 Be7 10. Bf4 a6 11. a4 O-O 12. Nbd2 Qb6 13. Qc1 Rac8 14. Be3 Bg6 15. Ne5 Qd8 16. Nxg6 hxg6 17. Bd3 Na5 18. Qd1 Qb6 19. Rb1 Qc6 20. Qe2 Qxa4 21. Ra1 Qc6 22. Rxa5 b5 23. Rea1 Ra8 24. Bf4 b4 25.
Nb1 bxc3 26. Nxc3 Qb6 27. Rxa6 Rxa6 28. Rxa6 Qxd4 29. Be5 Qb4 30. Ra7 Bc5 31. Ra4 Qb6 32. Ra2 Bxf2+ 33. Qxf2 1-0

[Event "Late-Titled-Tuesday-Blitz-January-23-2024"]
[Site "Chess.com"]
[Date "2024.01.23"]
[Round "8"]
[White "IsaqueGoncalvesSanto"]
[Black "PawnEatingZombie"]
[Result "0-1"]
[WhiteElo "1787"]
[BlackElo "2107"]
[TimeControl "180+1"]
[EndTime "15:23:04 PST"]
[Termination "PawnEatingZombie won on time"]

1. d4 Nf6 2. c4 g6 3. Nc3 Bg7 4. e4 d6 5. f3 O-O 6. Be3 Nc6 7. Qd2 a6 8. Nge2 Na5 9. Ng3 c5 10. dxc5 Nd7 11. cxd6 exd6 12. Qxd6 Qh4 13. Be2 Be5 14. Qd5 Bxg3+ 0-1

[Event "Late-Titled-Tuesday-Blitz-January-23-2024"]
[Site "Chess.com"]
[Date "2024.01.23"]
[Round "8"]
[White "Zq1"]
[Black "Jarrahi2452"]
[Result "1/2-1/2"]
[WhiteElo "2499"]
[BlackElo "2656"]
[TimeControl "180+1"]
[EndTime "15:23:10 PST"]
[Termination "Game drawn by agreement"]

1. d4 d5 2. c4 c6 3. e3 Nf6 4. Nc3 Bf5 5. cxd5 cxd5 6. Qb3 Bc8 7. Nf3 e6 8. Bb5+ Bd7 9. O-O Nc6 10. Bd2 Bd6 11.
Rfc1 O-O 12. h3 h6 13. a3 a6 14. Bd3 b5 15. Na2 Rc8 16. Qd1 Qb6 17. Nb4 a5 18. Nxc6 Rxc6 19. Ne5 Rxc1 20. Rxc1 Rd8 21. Nxd7 Nxd7 22.
Qc2 b4 23. a4 Nf6 24. Qc6 Qb8 25. Qa6 Bc7 26. Qb5 Bb6 27. Rc6 Rd6 28. Rxd6 Qxd6 29.
g3 h5 30. Kg2 Bc7 31. Qa6 Qxa6 32. Bxa6 1/2-1/2

[Event "Late-Titled-Tuesday-Blitz-January-23-2024"]
[Site "Chess.com"]
[Date "2024.01.23"]
[Round "8"]
[White "Piotrek1979"]
[Black "Rawnsdale"]
[Result "0-1"]
[WhiteElo "2394"]
[BlackElo "2528"]
[TimeControl "180+1"]
[EndTime "15:23:11 PST"]
[Termination "Rawnsdale won on time"]

1. Nf3 d5 2. e3 e6 3. b3 Be7 4. Bb2 Bf6 5. d4 c5 6. Bd3 Ne7 7. O-O O-O 8. Nbd2 Nbc6 9. Re1 Ng6 10. a3 Re8 11. Ra2 e5 12. Bxg6 hxg6 13. dxe5 Nxe5 14.
Bxe5 Bxe5 15. c4 Bc3 16. cxd5 Qxd5 17. Nc4 Qh5 18. Rf1 Bg4 19. h3 Be6 20. Rc2 Bf6 21. Qe2 b6 22. a4 Red8 23. Rd1 g5 24. Rcd2 Rxd2 25. Rxd2 g4 26. hxg4 Bxg4 27. Rd3 g6 28. Ncd2 Kg7 29. Qf1 Rh8 0-1

[Event "Late-Titled-Tuesday-Blitz-January-23-2024"]
[Site "Chess.com"]
[Date "2024.01.23"]
[Round "8"]
[White "almaguerjm"]
[Black "Kostukov_Alex"]
[Result "1-0"]
[WhiteElo "2478"]
[BlackElo "2306"]
[TimeControl "180+1"]
[EndTime "15:23:14 PST"]
[Termination "almaguerjm won by resignation"]

1. e4 c5 2. Nf3 g6 3. d4 cxd4 4.
Nxd4 Nf6 5. Nc3 Nc6 6. Bc4 Bg7 7.
Nxc6 bxc6 8. Qe2 O-O 9. Bd2 d5 10. Bb3 a5 11. e5 Nd7 12. f4 e6 13. O-O-O Nc5 14. Na4 Ba6 15. Qe3 Nxa4 16. Bxa4 Bb5 17. Qa3 Re8 18. Bxb5 cxb5 19. Kb1 Qc7 20. g4 Rec8 21. Qd3 Qc4 22. h4 Qxd3 23. cxd3 f6 24. h5 fxe5 25. fxe5 Rc6 26. Bg5 Bxe5 27. hxg6 hxg6 28.
Rh6 Ra7 29. Re1 Bg7 30. Rxg6 Kf7 31. Be3 d4 32. Rxg7+ Kxg7 33. Bxd4+ 1-0